 Dungeon Crawl Stone Soup version 0.18.1-48-g4cf74bf (webtiles) character file.

134952 Charly the Severer (level 16, -2/108 HPs)
             Began as a Gargoyle Berserker on Aug 28, 2016.
             Was a High Priest of Trog.
             Engulfed by a fire crab's flame (26 damage)
             ... on level 2 of the Vaults on Aug 29, 2016.
             The game lasted 02:12:46 (7479 turns).

Charly the Severer (Gargoyle Berserker)             Turns: 7479, Time: 02:12:46

Health: -2/108     AC: 40    Str: 25    XL:     16   Next: 86%
Magic:  16/16      EV: 13    Int:  6    God:    Trog [*****.]
Gold:   37         SH:  3    Dex: 14    Spells: 0 memorised, 15 levels left

rFire  . . .     SeeInvis .     a - +6 battleaxe (elec)
rCold  + + +     Gourm    .     A - +4 chain mail "Jaovaf" {rElec rC+++ rCorr Int-4}
rNeg   + . .     Faith    .     (shield currently unavailable)
rPois  ∞         Spirit   .     K - +2 helmet
rElec  +         Dismiss  .     O - +2 cloak {MR+}
rCorr  +         Reflect  +     I - +1 pair of gloves {Str+3}
SustAt .         Harm     .     d - +1 pair of boots
MR     ++...                    l - +3 amulet of reflection
Stlth  ..........               B - +3 ring of strength
                                C - ring of resist corrosion

@: flying, very slightly contaminated, very resistant to hostile enchantments,
extremely unstealthy
A: big wings, claws 1, negative energy resistance 1, electricity resistance,
weak 1, unbreathing, petrification resistance, rot immunity, AC +11
a: Stop Flying, Berserk, Trog's Hand, Brothers in Arms, Burn Spellbooks,
Renounce Religion
}: 1/15 runes: gossamer


You were on level 2 of the Vaults.
You worshipped Trog.
Trog was extremely pleased with you.
You were not hungry.

You visited 4 branches of the dungeon, and saw 30 of its levels.
You visited 1 bazaar.
You also visited: Labyrinth and Bailey.

You collected 963 gold pieces.
You spent 926 gold pieces at shops.

Inventory:

Hand Weapons
 a - a +6 battleaxe of electrocution (weapon)
 k - a +6 executioner's axe of flaming
Missiles
 M - a throwing net (quivered)
Armour
 d - a +1 pair of boots (worn)
 r - the +1 chain mail of Koit {*Contam Str+6 Int+3}
   (You found it on level 14 of the Dungeon)

   It affects your strength (+6).
   It affects your intelligence (+3).
   It causes magical contamination when unequipped.
 t - a +0 plate armour of cold resistance
 A - the +4 chain mail "Jaovaf" (worn) {rElec rC+++ rCorr Int-4}
   (You bought it in a shop in a bazaar)

   It affects your intelligence (-4).
   It renders you almost immune to cold.
   It insulates you from electricity.
   It protects you from acid and corrosion.
 I - a +1 pair of gloves of strength (worn)
 K - a +2 helmet (worn)
 O - a +2 cloak of magic resistance (worn)
Rods
 b - a -1 lightning rod (9/9)
   (You found it on level 6 of the Lair of Beasts)
Jewellery
 l - a +3 amulet of reflection (around neck)
 q - an uncursed ring of sustain attributes
 z - an uncursed amulet of dismissal
 B - a +3 ring of strength (right hand)
 C - a ring of resist corrosion (left hand)
 D - an uncursed ring of stealth
Wands
 n - a wand of acid (8/15)
 y - a wand of digging (0/24)
Scrolls
 i - 2 scrolls of recharging
 j - 6 scrolls of remove curse
 m - a scroll of enchant armour
 F - a scroll of immolation
Potions
 e - 2 potions of brilliance
 f - 2 potions of resistance
 g - 4 potions of curing
 h - a potion of magic {unknown}
 p - 4 potions of invisibility
 w - 3 potions of might {unknown}
 x - 2 potions of mutation
 E - a potion of cancellation {unknown}
 G - a potion of cure mutation
 H - a potion of degeneration {unknown}
 N - a potion of heal wounds
Books
 v - a book of Minor Magic

   Spells                             Type                      Level
   a - Magic Dart                     Conjuration                  1
   b - Blink                          Translocation                2
   c - Call Imp                       Summoning                    2
   d - Repel Missiles                 Charms/Air                   2
   e - Slow                           Hexes                        2
   f - Conjure Flame                  Conjuration/Fire             3
   g - Mephitic Cloud                 Conjuration/Poison/Air       3
   Trog disapproves of the use of such an item.
 J - the Reference Book on Translocation and Fire
   (You found it in a labyrinth)

   Spells                             Type                      Level
   a - Apportation                    Translocation                1
   b - Conjure Flame                  Conjuration/Fire             3
   c - Inner Flame                    Hexes/Fire                   3
   d - Portal Projectile              Translocation                3
   e - Bolt of Magma                  Conjuration/Fire/Earth       5
   f - Summon Forest                  Summoning/Translocation      5
   Trog disapproves of the use of such an item.
Miscellaneous
 u - a stone of tremors
 L - a phantom mirror
Comestibles
 c - 7 bread rations
 s - 4 meat rations


   Skills:
 - Level 15.3 Fighting
 + Level 18.2 Axes
 - Level 13.4 Armour
 - Level 9.0 Dodging


You had 15 spell levels left.
You didn't know any spells.

Dungeon Overview and Level Annotations

Branches:
Dungeon (15/15)              Lair (8/8) D:11          Swamp (0/4) Lair:6
 Spider (4/4) Lair:5        Slime (0/6) Lair:6       Vaults (3/5) D:13
 Temple: D:4-7          Orc: D:9-12       Crypt: Vaults:2-3  Depths: D:15

Altars:
Cheibriados
Makhleb
Pakellas
Xom
Yredelemnul
Zin

Shops:
D:7 }   D:12 :

Annotations:
D:7 3 exclusions
Spider:1 exclusion: downstairs
Spider:2 Azrael
Vaults:2 exclusions: door and 4 more exclusions


Innate Abilities, Weirdness & Mutations

You are resistant to torment.
Your stone body is resilient (AC +11).
You are immune to poison.
Your large and strong wings let you fly indefinitely.
You resist negative energy.
You are resistant to electric shocks.
You can survive without breathing.
You are immune to petrification.
You are immune to rotting.
You have sharp fingernails.
You are weak. (Str -2)


Message History

The yaktaur captain wields a glowing arbalest.
It bursts into flame!
The yaktaur captain shoots a bolt.
The bolt hits you!!
* * * LOW HITPOINT WARNING * * *
The bolt burns you.
* * * LOW HITPOINT WARNING * * *
You see here a bolt.
The fire crab breathes flames at you.
The cyclops throws a large rock.
The large rock hits you.
* * * LOW HITPOINT WARNING * * *
The yaktaur captain shoots a bolt.
The bolt hits you!
* * * LOW HITPOINT WARNING * * *
The bolt burns you.
* * * LOW HITPOINT WARNING * * *
There is an open door here.
Things that are here:
a bolt; a large rock Drink which item? (? for menu, Esc to quit)
Okay, then.
You are engulfed in roaring flames.
You die...

####.'...)..#.....#.......
.....#......#.}...'.......
.....########.....#.......
..................########
..................#
..................#
..................#
..................#
..............§§@.#
###############§### ....#
#§# ....# #§§§# ....#
#§§§# ....# #§.§# ....#
.#.#§ ....# .c.#.t. ....#
... C..


You could see a yaktaur captain.

Vanquished Creatures
  The ghost of ThereIsNoGod the Executioner, an adept MiGl of Makhleb (Spider:4)
  A deep elf sorcerer (Vaults:2)
  2 vault wardens
  2 ghost moths (Spider:4)
  A ghoul (Vaults:2)
  2 ironheart preservers
  A deep elf annihilator (Vaults:2)
  4 spark wasps (Spider:4)
  Snorg (D:13)
  A minotaur (Lab)
  2 vault guards (Vaults:2)
  3 yaktaur captains (Vaults:1)
  A fire dragon (Vaults:1)
  An ice dragon (D:13)
  4 hydras
  2 entropy weavers
  A death knight (Vaults:2)
  A centaur warrior (D:13)
  6 death yaks (Lair:7)
  An ogre mage (D:12)
  A deep troll shaman (Vaults:3)
  2 deep elf knights (Vaults:2)
  3 skeletal warriors (D:13)
  2 shadow wraiths
  3 deep trolls (Vaults:3)
  2 unseen horrors
  An orange crystal statue (D:14)
  4 hill giants
  3 ironbrand convokers
  A deep elf archer (Vaults:1)
  3 orc knights
  15 wolf spiders
  A wizard (Vaults:2)
  A necromancer (D:13)
  3 deep elf magi
  4 harpies (Vaults:2)
  9 orb spiders
  3 hornets (Spider:4)
  3 cyclopes
  An orc sorcerer (Vaults:1)
  2 moths of wrath (Spider:4)
  18 ugly things
  A guardian serpent (shapeshifter) (D:15)
  8 elephants (Lair:6)
  2 gargoyles
  3 vault sentinels (Vaults:1)
  2 centaur skeletons
  A black mamba (Lair:3)
  A kobold demonologist (D:11)
  3 spiny frogs
  4 rime drakes
  A komodo dragon (shapeshifter) (D:15)
  10 yaktaurs
  3 demonic crawlers
  2 freezing wraiths
  A spriggan druid (Lair:8)
  16 jumping spiders
  A troll (D:13)
  A polar bear (Lair:8)
  2 trolls (shapeshifter)
  4 two-headed ogres
  6 slime creatures
  4 blink frogs (Lair:4)
  4 spriggans
  43 redbacks
  9 tarantellas
  3 wraiths
  Grum (D:9)
  39 yaks
  4 hippogriffs
  11 vampire mosquitoes
  2 wargs (D:11)
  A soldier ant (D:14)
  4 water moccasins
  4 porcupines
  2 swamp drakes
  3 black bears
  2 sky beasts
  An ice beast (D:14)
  2 eyes of draining
  2 phantoms
  5 orc warriors
  5 ogres
  7 boggarts
  2 wasps
  16 wolves
  4 centaurs
  8 crocodiles
  5 big kobolds
  11 giant frogs
  4 scorpions
  3 killer bees (D:13)
  5 wights
  8 howler monkeys
  A giant frog zombie (D:12)
  5 centaur zombies
  4 crimson imps
  6 jellies
  A hound (D:6)
  4 orc priests
  2 giant frog skeletons
  5 iguanas
  6 orc wizards
  2 worker ants
  3 sheep (D:12)
  A mummy (D:10)
  4 gnolls (D:2)
  An adder (D:9)
  A river rat (Lair:7)
  A shadow imp (D:12)
  42 orcs
  A bat (D:3)
  2 giant cockroaches (D:3)
  4 goblins (D:7)
  6 kobolds
  A quokka (D:12)
  A giant cockroach zombie (D:5)
  3 giant newts
  A fungus (Lair:4)
527 creatures vanquished.

Vanquished Creatures (collateral kills)
  A deep elf annihilator (Vaults:2)
  A death yak (Lair:7)
  A polar bear (Lair:8)
  A wolf (Lair:8)
4 creatures vanquished.

Vanquished Creatures (others)
  2 yaks (Lair:7)
  A kobold (D:13)
  10 plants
13 creatures vanquished.

Grand Total: 544 creatures vanquished

Notes
Turn   | Place    | Note
--------------------------------------------------------------
     0 | D:1      | Charly the Gargoyle Berserker began the quest for the Orb.
     0 | D:1      | Reached XP level 1. HP: 14/14 MP: 1/1
    97 | D:2      | Reached skill level 3 in Axes
    97 | D:2      | Reached XP level 2. HP: 19/19 MP: 2/2
   103 | D:2      | Reached XP level 3. HP: 23/23 MP: 3/3
   106 | D:2      | Reached skill level 4 in Axes
   184 | D:3      | Found a burning altar of Makhleb.
   199 | D:4      | Found a basalt altar of Yredelemnul.
   218 | D:5      | Entered Level 5 of the Dungeon
   271 | D:6      | Noticed a scorpion
   274 | D:6      | Killed a scorpion
   274 | D:6      | Reached XP level 4. HP: 28/28 MP: 4/4
   316 | D:6      | Reached skill level 5 in Axes
   316 | D:6      | Reached XP level 5. HP: 32/32 MP: 5/5
   389 | D:7      | Noticed a water moccasin
   404 | D:7      | Killed a water moccasin
   404 | D:7      | Reached skill level 6 in Axes
   404 | D:7      | Reached XP level 6. HP: 30/37 MP: 6/6
   562 | D:7      | Noticed a sky beast
   566 | D:7      | Reached XP level 7. HP: 27/43 MP: 7/7
   580 | D:7      | Reached skill level 5 in Fighting
   633 | D:7      | Found a flagged portal.
   646 | Bailey   | Entered a bailey
   673 | Bailey   | Reached ** piety under Trog
   721 | Bailey   | Reached skill level 7 in Axes
   757 | Bailey   | Noticed an orc knight
   814 | D:7      | Found an oddly glowing altar of Pakellas.
   814 | D:7      | Found Pakellas's Prime Provisions.
   823 | D:7      | Reached XP level 8. HP: 46/49 MP: 8/8
   845 | D:7      | Reached skill level 8 in Axes
   983 | D:8      | SHINEONE D8
  1010 | D:8      | Found a glowing silver altar of Zin.
  1012 | D:8      | NOT
  1014 | D:8      | Reached skill level 9 in Axes
  1068 | D:9      | Noticed Grum
  1083 | D:9      | Killed Grum
  1083 | D:9      | Reached skill level 10 in Axes
  1083 | D:9      | Reached XP level 9. HP: 50/54 MP: 9/9
  1135 | D:10     | Entered Level 10 of the Dungeon
  1144 | D:10     | Found a snail-covered altar of Cheibriados.
  1181 | D:10     | Noticed a hill giant
  1188 | D:10     | Killed a hill giant
  1218 | D:10     | Reached skill level 11 in Axes
  1386 | D:9      | Reached *** piety under Trog
  1511 | D:11     | Found a staircase to the Lair.
  1511 | D:11     | Noticed a death knight
  1512 | D:11     | Noticed a two-headed ogre
  1544 | D:11     | Killed a two-headed ogre
  1594 | D:11     | Reached XP level 10. HP: 23/63 MP: 10/10
  1694 | D:12     | Found Zaetota's Book Shop.
  1720 | D:12     | Reached skill level 12 in Axes
  1723 | D:12     | Bought a book of Minor Magic for 260 gold pieces
  1730 | D:12     | Found a shimmering altar of Xom.
  1768 | D:12     | Noticed a cyclops
  1780 | D:12     | Killed a cyclops
  1835 | D:12     | Noticed an ogre mage
  1855 | D:12     | Killed an ogre mage
  1857 | D:12     | Reached XP level 11. HP: 72/72 MP: 11/11
  1916 | D:11     | Reached skill level 10 in Fighting
  1916 | D:11     | Reached **** piety under Trog
  1953 | D:13     | Reached skill level 5 in Armour
  1984 | D:13     | Noticed a skeletal warrior
  1992 | D:13     | Noticed a skeletal warrior
  2215 | Lair:1   | Entered Level 1 of the Lair of Beasts
  2215 | Lair:1   | Noticed an eight-headed hydra
  2232 | Lair:1   | Killed an eight-headed hydra
  2232 | Lair:1   | Reached skill level 13 in Axes
  2348 | Lair:1   | Noticed an eight-headed hydra
  2539 | Lair:5   | Reached skill level 5 in Dodging
  2539 | Lair:5   | Reached XP level 12. HP: 79/79 MP: 12/12
  2612 | Lair:6   | Noticed a four-headed hydra
  2618 | Lair:6   | Killed a four-headed hydra
  2725 | Lair:6   | Found a staircase to the Swamp.
  2773 | Lair:6   | Reached XP level 13. HP: 47/84 MP: 13/13
  2846 | Lair:6   | Found a staircase to the Slime Pits.
  2972 | Lair:7   | Reached ***** piety under Trog
  3021 | Lair:7   | Reached skill level 14 in Axes
  3204 | Lair:8   | Entered Level 8 of the Lair of Beasts
  3204 | Lair:8   | Found a labyrinth entrance.
  3216 | Lab      | Entered a labyrinth
  3345 | Lab      | Noticed a minotaur
  3356 | Lab      | Killed a minotaur
  3358 | Lab      | Got a polished dire flail {venom}
  3363 | Lab      | Identified the Reference Book on Translocation and Fire (You found it in a labyrinth)
  3366 | Lair:8   | Identified the +1 dire flail of Taxation {venom, -Tele *Contam Str+7 SInv} (You took it off a minotaur in a labyrinth)
  3379 | Lair:7   | Gained mutation: You have sharp fingernails. [mutagenic glow]
  3570 | Lair:8   | Received a gift from Trog
  3750 | Lair:5   | Gained mutation: Your large and strong wings let you fly indefinitely. [Gargoyle growth]
  3750 | Lair:5   | Reached XP level 14. HP: 57/95 MP: 14/14
  3782 | Lair:5   | Found a hole to the Spider Nest.
  3847 | Spider:1 | Entered Level 1 of the Spider Nest
  3941 | Spider:1 | Reached skill level 15 in Axes
  4184 | Spider:2 | Noticed Azrael
  4262 | Spider:1 | Reached skill level 10 in Armour
  4361 | Spider:4 | Entered Level 4 of the Spider Nest
  4691 | Spider:4 | Killed a ghost moth
  4719 | Spider:4 | Noticed ThereIsNoGod's ghost (adept MiGl)
  4889 | Spider:4 | Killed ThereIsNoGod's ghost
  4964 | Spider:4 | Reached XP level 15. HP: 61/100 MP: 15/15
  5066 | Spider:4 | Killed a ghost moth
  5071 | Spider:4 | Reached skill level 16 in Axes
  5114 | Spider:4 | Got a gossamer rune of Zot
  5641 | D:13     | Found a gate to the Vaults.
  5704 | D:13     | Noticed Snorg
  5723 | D:13     | Killed Snorg
  5834 | D:14     | Identified a scroll of acquirement
  5995 | D:15     | Entered Level 15 of the Dungeon
  6241 | D:14     | Got a distressingly furry chain mail
  6252 | D:14     | Identified the cursed +1 chain mail of Koit {*Contam Str+6 Int+3} (You found it on level 14 of the Dungeon)
  6256 | D:14     | 33/14/3
  6385 | Vaults:1 | Entered Level 1 of the Vaults
  6385 | Vaults:1 | Noticed a vault warden
  6391 | Vaults:1 | Killed a vault warden
  6468 | Vaults:1 | Reached XP level 16. HP: 75/107 MP: 16/16
  6625 | Vaults:1 | Received a gift from Trog
  6644 | Vaults:1 | Reached skill level 15 in Fighting
  6753 | Vaults:1 | Reached skill level 17 in Axes
  6765 | Vaults:1 | Received a gift from Trog
  7186 | Vaults:2 | Reached skill level 18 in Axes
  7258 | Vaults:2 | Found a flickering gateway to a bazaar.
  7264 | Bazaar   | Entered a bazaar
  7264 | Bazaar   | Found Juodichu's Distillery.
  7264 | Bazaar   | Found Goikuonn's Antique Armour Shop.
  7277 | Bazaar   | Found Vourag's Antique Weapon Shop.
  7323 | Bazaar   | Bought a smelly chain mail for 228 gold pieces
  7323 | Bazaar   | Bought a runed cloak for 108 gold pieces
  7335 | Bazaar   | Bought a potion of cure mutation for 275 gold pieces
  7335 | Bazaar   | Bought a potion of heal wounds for 55 gold pieces
  7351 | Bazaar   | Identified the +4 chain mail "Jaovaf" {rElec rC+++ rCorr Int-4} (You bought it in a shop in a bazaar)
  7393 | Vaults:2 | Gained mutation: You are weak. (Str -2) [mutagenic glow]
  7424 | Vaults:2 | 40/13
  7479 | Vaults:2 | Engulfed by a fire crab's flame

Skill      XL: |  1  2  3  4  5  6  7  8  9 10 11 12 13 14 15 16 |
---------------+-------------------------------------------------+-----
Axes           | 3 4 5 6 7 10 11 12 13 14 15 16 18 | 18.2
Fighting       | 4 5 7 9 10 11 13 14 15 | 15.3
Armour         | 4 9 11 12 13 | 13.4
Dodging        | 5 7 9 |  9.0

Action                   |  1- 3 |  4- 6 |  7- 9 | 10-12 | 13-15 | 16-18 || total
-------------------------+-------+-------+-------+-------+-------+-------++-------
Melee: Hand axe          |    37 |    64 |    41 |       |       |       ||   142
       War axe           |       |       |   178 |   292 |   176 |       ||   646
       Dire flail        |       |       |       |    13 |    13 |       ||    26
       Battleaxe         |       |       |       |       |   620 |   148 ||   768
       Executioner's axe |       |       |       |       |       |    17 ||    17
Throw: Throwing net      |       |       |       |       |     1 |       ||     1
Invok: Berserk           |     2 |     3 |     8 |    11 |    23 |     8 ||    55
       Trog's Hand       |       |       |     4 |     4 |    23 |     7 ||    38
       Brothers in Arms  |       |       |       |       |     5 |     1 ||     6
       Burn Spellbooks   |       |       |       |       |     4 |       ||     4
 Abil: Fly               |       |       |       |       |     1 |       ||     1
Evoke: Wand              |       |     2 |    10 |     9 |    43 |     1 ||    65
       Rod               |       |       |       |       |     5 |       ||     5
  Use: Scroll            |       |       |     8 |     7 |    12 |     8 ||    35
       Potion            |       |       |     1 |     2 |    11 |     1 ||    15
 Stab: Sleeping          |     1 |       |       |       |       |       ||     1
       Confused          |       |       |       |     2 |     2 |       ||     4
  Eat: Chunk             |       |     3 |     4 |     2 |    21 |     6 ||    36
       Meat ration       |       |       |     1 |     2 |     3 |     1 ||     7
       Pizza             |       |       |     1 |       |       |       ||     1
       Beef jerky        |       |       |     1 |     2 |       |       ||     3
       Royal jelly       |       |       |     1 |       |     2 |     1 ||     4
       Fruit             |       |       |       |     4 |     1 |       ||     5
Armor: Animal skin       |    12 |    24 |     2 |       |       |       ||    38
       Chain mail        |       |       |    43 |       |    11 |   116 ||   170
       Scale mail        |       |       |   148 |   179 |   562 |       ||   889
Dodge: Dodged            |    20 |    34 |   154 |   122 |   563 |   126 ||  1019
Block: Other             |       |     7 |    29 |    28 |    86 |    25 ||   175
       Reflection        |       |       |       |       |       |     1 ||     1
